AoeStats
← bigups

Nomad

510275895Analyzed
3v3 RM · 2d ago on Sep 30, 2026· 52m 52s· 6 players
Game mode
Random Map
Map size
210×210
Population
200
Speed
Normal
Resources
Standard
Victory
Conquest
Starting age
Dark Age
Ending age
Imperial Age
RankedLock teamsTeams togetherTeam positionsShared explorationLock speedFull tech treeHidden civsTurbo modeCheats
Victory
Defeat
🇧🇦 Vikings · Bosnia & Herzegovina
1283
+13
🇺🇸 Varangians · United States
1256
+15
🇺🇸 Persians · United States
1232
+16
🇵🇭 Varangians · Philippines
1249
-16
🇵🇭 Britons · Philippines
1246
-15
🇦🇹 Franks · Austria
1178
-13
PEHF
3:20 Loom
12:55 Feudal Age
18:53 Castle Age
17:32 Double-Bit Axe
19:59 Bow Saw
21:11 Horse Collar
21:24 Fishing Lines
22:48 Scale Barding Armor
25:07 Wheelbarrow
25:14 Bloodlines
26:12 Husbandry
40:15 Imperial Age
38:14 Forging
39:25 Hand Cart
40:23 Chain Barding Armor
40:04 Padded Archer Armor
40:43 Fletching
41:47 Elite Skirmisher
42:30 Bodkin Arrow
44:22 Bracer
46:18 Leather Archer Armor
48:40 Ring Archer Armor
50:00 Ballistics
52:17 Chemistry
海豚漫步
7:55 Loom
19:27 Feudal Age
27:40 Castle Age
25:57 Fishing Lines
27:15 Fletching
28:21 Elite Skirmisher
51:38 Imperial Age
50:20 Double-Bit Axe
51:50 Wheelbarrow
51:01 Town Watch
52:20 Bloodlines
51:37 Light Cavalry
1godi
14:01 Feudal Age
14:27 Loom
18:09 Castle Age
15:58 Horse Collar
18:21 Double-Bit Axe
19:25 Bow Saw
25:47 Scale Mail Armor
25:57 Forging
26:04 Squires
28:07 Chain Mail Armor
30:59 Iron Casting
32:24 Gold Mining
32:24 Stone Mining
33:12 Arson
33:53 Fletching
39:34 Imperial Age
38:47 Town Watch
40:48 Conscription
41:03 Plate Mail Armor
40:26 Capped Ram
43:31 Two-Man Saw
42:39 Heavy Plow
42:54 Siege Ram
45:16 Blast Furnace
43:52 Elite Varangian Guard
45:43 Crop Rotation
45:44 Bodkin Arrow
49:15 Hoardings
what_is_your_strategy
8:41 Loom
26:29 Feudal Age
38:14 Double-Bit Axe
39:22 Scale Barding Armor
39:27 Forging
39:43 Gold Mining
42:27 Castle Age
43:31 Chain Barding Armor
43:49 Iron Casting
44:20 Wheelbarrow
44:26 Gold Shaft Mining
47:51 Imperial Age
49:15 Cavalier
51:23 Plate Barding Armor
bigups
3:50 Loom
13:46 Feudal Age
18:09 Double-Bit Axe
20:37 Castle Age
20:50 Crossbowman
26:15 Fletching
26:27 Padded Archer Armor
28:28 Bodkin Arrow
29:48 Leather Archer Armor
31:55 Wheelbarrow
32:26 Ballistics
35:24 Fishing Lines
39:32 Imperial Age
36:50 Town Watch
39:07 Bow Saw
46:26 Gold Mining
48:28 Gold Shaft Mining
48:21 Arbalester
50:09 Bracer
51:05 Squires
50:50 Arson
50:26 Pikeman
Hawke
8:45 Loom
15:08 Feudal Age
19:26 Castle Age
19:16 Scale Barding Armor
20:47 Chain Barding Armor
20:40 Forging
20:20 Fishing Lines
23:07 Double-Bit Axe
24:00 Gillnets
26:42 Iron Casting
33:00 Fletching
39:10 Bloodlines
42:38 Wheelbarrow
Connection lost

Rejoining the realm…

Still unreachable

The connection could not be restored.

Session expired

The server has moved on; the page needs a fresh start.